 Dungeon Crawl Stone Soup version 0.22-a0-441-gcf5b0c6 (webtiles) character file.

214 ketsa the Insei (level 5, 0/41 HPs)
             Began as a Gnoll Transmuter on May 30, 2018.
             Slain by a bullfrog (8 damage)
             ... in a sewer.
             The game lasted 00:14:23 (3454 turns).

ketsa the Insei (Gnoll Transmuter)                  Turns: 3454, Time: 00:14:23

Health: 0/41       AC:  4    Str: 14    XL:     5   Next: 91%
Magic:  11/12      EV: 14    Int: 15    God:
Gold:   128        SH:  5    Dex: 15    Spells: 8/14 levels left

rFire    . . .     SeeInvis .     - Unarmed
rCold    . . .     Gourm    .   (no shield)
rNeg     . . .     Faith    .   g - +0 leather armour
rPois    .         Spirit   .   y - +0 helmet
rElec    .         Reflect  +   (no cloak)
rCorr    .         Harm     .   (no gloves)
MR       .....                  (boots currently unavailable)
Stlth    ++........             r - +5 amulet of reflection
HPRegen  0.13/turn              (no ring)
MPRegen  0.13/turn              (no ring)

@: appendage, flying
A: distributed training, fangs 1, talons 3, strong nose
a: End Transformation


You were in a sewer.
You were not hungry.
You had grown temporary talons.
You visited 1 branch of the dungeon, and saw 4 of its levels.
You also visited: Sewer.

You collected 128 gold pieces.

Inventory:

Missiles
 a - 68 arrows
 c - 74 stones (quivered)
 e - 45 bolts
 n - 17 sling bullets
Armour
 b - a +0 robe
 g - a +0 leather armour (worn)
 j - a +0 robe
 l - a +0 chain mail
 y - a +0 helmet (worn)
Magical Staves
 v - an uncursed staff of earth {unknown}
Jewellery
 r - a +5 amulet of reflection (around neck)
 z - an uncursed ring of ice {unknown}
Wands
 t - a wand of paralysis (5)
 x - a wand of random effects (25)
Scrolls
 f - a scroll of noise {unknown}
 h - 5 scrolls of identify
 i - a scroll of amnesia {unknown}
 k - 3 scrolls of remove curse
 o - a scroll of enchant armour {unknown}
 p - 2 scrolls of magic mapping {unknown}
 q - a scroll of teleportation {unknown}
 s - a scroll of enchant weapon {unknown}
Potions
 m - a potion of flight
 u - a potion of curing {unknown}
Comestibles
 d - 3 rations
 w - a chunk of flesh


   Skills:
 + Level 3.0 Fighting
 + Level 1.6 Short Blades
 + Level 1.6 Long Blades
 + Level 1.6 Axes
 + Level 1.6 Maces & Flails
 + Level 1.6 Polearms
 + Level 1.6 Staves
 + Level 1.6 Slings
 + Level 1.6 Bows
 + Level 1.6 Crossbows
 + Level 1.6 Throwing
 + Level 1.6 Armour
 + Level 4.8 Dodging
 + Level 1.6 Stealth
 + Level 1.6 Shields
 + Level 6.7 Unarmed Combat
 + Level 5.2 Spellcasting
 + Level 1.3 Conjurations
 + Level 1.3 Hexes
 + Level 1.3 Charms
 + Level 1.3 Summonings
 + Level 1.3 Necromancy
 + Level 1.3 Translocations
 + Level 4.0 Transmutations
 + Level 1.3 Fire Magic
 + Level 1.3 Ice Magic
 + Level 1.3 Air Magic
 + Level 1.3 Earth Magic
 + Level 1.3 Poison Magic
 + Level 1.8 Invocations
 + Level 1.6 Evocations


You had 8 spell levels left.
You knew the following spells:

 Your Spells              Type           Power        Failure   Level  Hunger
a - Beastly Appendage     Tmut           ###...       3%          1    None
b - Sticks to Snakes      Tmut           ###.....     5%          2    ##.....
c - Spider Form           Tmut/Pois      ##........   21%         3    ###....

Your spell library contained the following spells:

 Spells                   Type           Power        Failure   Level  Hunger
 Blade Hands              Tmut           ###.......   71%         5    ######.
 Ice Form                 Ice/Tmut       ##......     54%         4    ####...


Dungeon Overview and Level Annotations

Branches:
Dungeon (4/15)
 Temple: D:4-7

Altars:
Ashenzari
Dithmenos
Elyvilon
Kikubaaqudgha


Innate Abilities, Weirdness & Mutations

Your experience applies equally to all skills.
You have very sharp teeth.
Your uncanny sense of smell can sniff out nearby items.
You have claws for feet.


Message History

You hit the bullfrog. You punch the bullfrog!
The bullfrog is severely wounded.
The bullfrog closely misses you.
The bullfrog hits you but does no damage.
You miss the bullfrog. Your kick misses the bullfrog.
The bullfrog is severely wounded.
The bullfrog hits you. x2
You completely miss the bullfrog. You bite the bullfrog.
The bullfrog is severely wounded.
You block the bullfrog's attack. The bullfrog hits you.
* * * LOW HITPOINT WARNING * * *
The bullfrog hits you but does no damage.
The bullfrog hits you.
* * * LOW HITPOINT WARNING * * *
It was a potion of flight.
You feel very buoyant.
You fly up into the air.
The bullfrog hits you but does no damage.
The bullfrog hits you!
You die...

≈≈≈≈ ≈≈≈.≈≈≈≈≈≈≈≈# #≈≈≈≈≈#
≈≈≈≈ .≈.$..≈≈≈≈≈≈# #≈≈≈≈.#
≈≈≈≈ ≈≈![/.≈≈≈≈≈≈# #≈≈≈≈.#
≈≈≈≈ ≈..).≈≈≈≈≈≈≈# #≈≈≈≈.#
≈≈≈≈≈≈.≈≈≈≈≈≈≈≈≈≈≈≈# #.≈≈≈.#
≈≈≈≈≈≈.≈.≈≈≈≈≈≈≈≈≈# #.≈≈≈.#
≈≈≈≈≈≈≈≈≈≈≈≈≈≈≈≈≈≈# #≈≈≈≈.#
≈≈≈≈≈≈≈≈≈≈≈≈≈≈≈F#######≈≈≈≈.#
..≈≈≈≈≈≈≈≈≈≈...F@....≈.≈≈≈≈≈#
≈≈≈≈≈≈≈≈≈≈≈≈≈≈≈≈≈≈≈≈≈≈≈≈≈≈≈≈#
≈≈≈≈≈≈≈≈≈≈≈≈≈≈≈≈≈≈≈≈≈≈≈≈≈≈≈.#
≈≈≈≈≈≈≈≈≈≈≈≈≈≈≈≈≈≈≈≈≈≈≈≈≈≈≈.#
.....................≈.≈≈≈≈≈#
#######################≈≈≈≈.#
########≈≈≈≈≈#
########.≈≈≈≈≈≈≈≈≈≈.#####
#.∩.∩..≈≈≈≈≈≈≈≈≈≈≈≈≈≈≈≈≈≈


You could see 2 bullfrogs.

Vanquished Creatures
  A hound (D:4)
  A bullfrog skeleton (D:4)
  6 adders
  2 oozes
  4 worms
  3 dart slugs
  4 leopard geckos
  6 bats
  8 giant cockroaches
  6 goblins
  7 hobgoblins
  2 jackals (D:3)
  7 kobolds
  3 ball pythons
  5 frilled lizards
  12 rats
77 creatures vanquished.

Vanquished Creatures (others)
  A quokka (D:2)
1 creature vanquished.

Grand Total: 78 creatures vanquished

Notes
Turn   | Place    | Note
-------+----------+-------------------------------------------
     0 | D:1      | ketsa the Gnoll Transmuter began the quest for the Orb.
     0 | D:1      | Reached XP level 1. HP: 17/17 MP: 6/6
   147 | D:1      | Reached XP level 2. HP: 23/23 MP: 5/7
   154 | D:1      | Learned a level 2 spell: Sticks to Snakes
   653 | D:1      | Reached XP level 3. HP: 27/28 MP: 7/9
   745 | D:1      | Reached skill level 5 in Spellcasting
  1178 | D:2      | Reached skill level 1 in Invocations
  1287 | D:2      | Reached skill level 1 in Short Blades
  1287 | D:2      | Reached skill level 1 in Long Blades
  1287 | D:2      | Reached skill level 1 in Axes
  1287 | D:2      | Reached skill level 1 in Maces & Flails
  1287 | D:2      | Reached skill level 1 in Polearms
  1287 | D:2      | Reached skill level 1 in Staves
  1287 | D:2      | Reached skill level 1 in Slings
  1287 | D:2      | Reached skill level 1 in Bows
  1287 | D:2      | Reached skill level 1 in Crossbows
  1287 | D:2      | Reached skill level 1 in Throwing
  1287 | D:2      | Reached skill level 1 in Armour
  1287 | D:2      | Reached skill level 1 in Stealth
  1287 | D:2      | Reached skill level 1 in Shields
  1287 | D:2      | Reached skill level 1 in Evocations
  1322 | D:2      | Reached XP level 4. HP: 34/34 MP: 9/11
  1348 | D:2      | Found a white marble altar of Elyvilon.
  1501 | D:2      | Learned a level 3 spell: Spider Form
  1837 | D:2      | Reached skill level 1 in Conjurations
  1837 | D:2      | Reached skill level 1 in Hexes
  1837 | D:2      | Reached skill level 1 in Charms
  1837 | D:2      | Reached skill level 1 in Summonings
  1837 | D:2      | Reached skill level 1 in Necromancy
  1837 | D:2      | Reached skill level 1 in Translocations
  1837 | D:2      | Reached skill level 1 in Fire Magic
  1837 | D:2      | Reached skill level 1 in Ice Magic
  1837 | D:2      | Reached skill level 1 in Air Magic
  1837 | D:2      | Reached skill level 1 in Earth Magic
  1837 | D:2      | Reached skill level 1 in Poison Magic
  2458 | D:3      | Found a shadowy altar of Dithmenos.
  2458 | D:3      | Found a shattered altar of Ashenzari.
  2534 | D:3      | Reached XP level 5. HP: 40/40 MP: 10/12
  2776 | D:4      | Found an ancient bone altar of Kikubaaqudgha.
  2807 | D:4      | Found a glowing drain.
  2978 | Sewer    | Entered a sewer
  3440 | Sewer    | Found the +7 longbow "Piercer" {penet, EV-2}
  3454 | Sewer    | Slain by a bullfrog

Vault maps used:
D:1:      erik_arrival_triangle_medium
D:2:      elyvilon_altar_4
D:3:      gammafunk_temple_overflow_elements, minivault_27
D:4:      kiku_gazebo_garden_becter, cheibrodos_sewer_entry_drain
Sewer:    sewer_frog_island_01

Skill      XL: |  1  2  3  4  5 |
---------------+----------------+-----
Spellcasting   | 5 |  5.2
Invocations    | 1 |  1.8
Short Blades   | 1 |  1.6
Long Blades    | 1 |  1.6
Axes           | 1 |  1.6
Maces & Flails | 1 |  1.6
Polearms       | 1 |  1.6
Staves         | 1 |  1.6
Slings         | 1 |  1.6
Bows           | 1 |  1.6
Crossbows      | 1 |  1.6
Throwing       | 1 |  1.6
Armour         | 1 |  1.6
Stealth        | 1 |  1.6
Shields        | 1 |  1.6
Evocations     | 1 |  1.6
Conjurations   | 1 |  1.3
Hexes          | 1 |  1.3
Charms         | 1 |  1.3
Summonings     | 1 |  1.3
Necromancy     | 1 |  1.3
Translocations | 1 |  1.3
Fire Magic     | 1 |  1.3
Ice Magic      | 1 |  1.3
Air Magic      | 1 |  1.3
Earth Magic    | 1 |  1.3
Poison Magic   | 1 |  1.3
Fighting       | 3 |  3.0
Transmutations | 4 |  4.0
Dodging        | |  4.8
Unarmed Combat | |  6.7

Action                   |  1- 3 |  4- 6 || total
-------------------------+-------+-------++-------
Melee: Unarmed           |    96 |   123 ||   219
       Bite              |    12 |    10 ||    22
       Punch             |     3 |     4 ||     7
       Kick              |     4 |    18 ||    22
       Headbutt          |     1 |     2 ||     3
Throw: Stone             |     4 |     3 ||     7
 Cast: Beastly Appendage |     6 |    18 ||    24
  Use: Scroll            |     2 |       ||     2
       Potion            |       |     1 ||     1
 Stab: Sleeping          |     1 |     2 ||     3
  Eat: Chunk             |     1 |     7 ||     8
Armor: Robe              |    12 |       ||    12
       Leather armour    |     1 |    20 ||    21
Dodge: Dodged            |    75 |    69 ||   144
Block: Other             |       |    13 ||    13

Table legend:
 A = Spawn XP
 B = Non-spawn XP
 C = Spawn XP percentage of total XP
 D = Spawn monster count
 E = Non-spawn monster count
 F = Spawn count percentage of total count
 G = Total turns spent on level
                    A         B        C        D         E        F      G
               +---------+---------+-------+---------+---------+-------+---------
         Total |       0 |     306 |   0.0 |       0 |      77 |   0.0 |  3454
               +---------+---------+-------+---------+---------+-------+---------
           D:1 |       0 |      49 |   0.0 |       0 |      27 |   0.0 |  1077
           D:2 |       0 |      88 |   0.0 |       0 |      22 |   0.0 |   834
           D:3 |       0 |      29 |   0.0 |       0 |       9 |   0.0 |   865
           D:4 |       0 |      95 |   0.0 |       0 |       6 |   0.0 |   202
         Sewer |       0 |      45 |   0.0 |       0 |      13 |   0.0 |   476
               +---------+---------+-------+---------+---------+-------+---------
